 Dungeon Crawl Stone Soup version 0.24.0-125-gc4c63601f3 (webtiles) character file.

Game seed: 11956379642248653522, levelgen mode: deterministic

21562 Shinahmin the Cleaver (level 13, -5/156 HPs)
             Began as a Formicid Hunter on Mar 13, 2020.
             Was a Priest of Okawaru.
             Slain by a minotaur
             ... wielding the cursed +1 war axe "Gozxireg" {venom, *Rage rN+ MR++}
              (15 damage)
             ... in a Gauntlet on Mar 14, 2020.
             The game lasted 01:38:04 (18326 turns).

Shinahmin the Cleaver (Formicid Hunter)            Turns: 18326, Time: 01:38:04

Health: -5/156     AC: 30    Str: 21    XL:     13   Next: 20%
Magic:  17/18      EV:  2    Int: 17    God:    Okawaru [***...]
Gold:   647        SH: 12    Dex: 11    Spells: 12/12 levels left

rFire    + . .     SeeInvis .   a - +4 broad axe (venom)
rCold    + . .     Gourm    .   L - +0 shield
rNeg     + + +     Faith    .   (armour currently unavailable)
rPois    +         Spirit   .   (helmet unavailable)
rElec    .         Reflect  .   (cloak currently unavailable)
rCorr    .         Harm     +   (gloves currently unavailable)
MR       +....                  (boots currently unavailable)
Stlth    ++++......             m - amulet "Wogyqoufur" {Harm *Drain rF+ Int+3 Stlth+}
HPRegen  0.36/turn              K - +4 ring of protection
MPRegen  0.16/turn              O - ring of protection from cold

@: lethally poisoned (-5 -> -16), tree-form, heroism
A: permanent stasis, dig shafts and tunnels, four strong arms, clever 1, wild
magic 1
a: Heroism, Renounce Religion


You were in a Gauntlet.
You worshipped Okawaru.
Okawaru was most pleased with you.
You were not hungry.
You were a tree.
You visited 1 branch of the dungeon, and saw 14 of its levels.
You also visited: Gauntlet.

You collected 647 gold pieces.

Inventory:

Hand Weapons
 a - a +4 broad axe of venom (weapon)
 d - the +0 hand axe of Zivis {venom, *Corrode MR++ Str-2 Dex+9}
   (You found it on level 14 of the Dungeon)

   It poisons the flesh of those it strikes.
   It affects your strength (-2).
   It affects your dexterity (+9).
   It affects your resistance to hostile enchantments.
   It may corrode you when you take damage.
 P - the +0 morningstar of Righteous Fury {venom, rPois rF+ Dex-3}
   (You found it on level 7 of the Dungeon)

   It poisons the flesh of those it strikes.
   It affects your dexterity (-3).
   It protects you from fire.
   It protects you from poison.
 S - a +4 trident
Missiles
 z - 20 javelins (quivered)
 C - 8 boomerangs
 F - 2 silver boomerangs
 G - 19 poisoned darts
 M - 5 silver javelins
 N - 3 boomerangs of dispersal
Armour
 h - a +1 cloak (melded)
 i - a +2 pair of gloves of archery (melded)
 y - a +1 pair of boots (melded)
 A - the +3 scale mail "Empilaq" {rElec rC+ Dex+3}
   (You found it on level 4 of the Dungeon)

   It affects your dexterity (+3).
   It protects you from cold.
   It insulates you from electricity.
 L - a +0 shield (worn)
 R - the +8 fire dragon scales of Ygacha (melded) {rF++ rC- Str+3}
   (You found it on level 7 of the Dungeon)

   It affects your strength (+3).
   It greatly protects you from fire.
   It makes you vulnerable to cold.
Jewellery
 m - the amulet "Wogyqoufur" (around neck) {Harm *Drain rF+ Int+3 Stlth+}
   (You found it in a Gauntlet)

   [amulet of harm]

   It increases damage dealt and taken.
   It affects your intelligence (+3).
   It protects you from fire.
   It causes draining when unequipped.
   It makes you more stealthy.
 o - an uncursed amulet of guardian spirit
 q - an uncursed ring of positive energy
 K - a +4 ring of protection (left branch)
 O - a ring of protection from cold (right branch)
 W - an uncursed ring of protection from fire
Wands
 p - a wand of iceblast (6)
 H - a wand of random effects (14)
 T - a wand of flame (30)
Scrolls
 b - 2 scrolls of amnesia
 e - a scroll of magic mapping
 r - 6 scrolls of remove curse
 s - a scroll of enchant armour
 t - a scroll of enchant weapon {unknown}
 J - a scroll of acquirement {unknown}
 Q - a scroll of summoning {unknown}
Potions
 c - 3 potions of lignification
 g - a potion of curing
 j - a potion of cancellation
 k - a potion of mutation
 l - 2 potions of magic
 n - 2 potions of flight
 u - a potion of resistance
 V - a potion of ambrosia
Comestibles
 f - 14 rations


   Skills:
 * Level 10.6(15.6) Fighting
 * Level 11.2(16.9) Axes
 - Level 5.2(14.0) Maces & Flails
 - Level 3.4(13.1) Polearms
 * Level 7.0(12.0) Throwing
 + Level 10.4(15.4) Armour
 - Level 1.7(6.7) Dodging
 - Level 1.2(6.2) Stealth
 + Level 6.4(11.4) Shields
 - Level 7.0 Invocations


You had 12 spell levels left.
You didn't know any spells.
Your spell library contained the following spells:

 Spells                   Type           Power        Failure   Level  Hunger
 Magic Dart               Conj           #...         32%         1    ##.....
 Searing Ray              Conj           #.....       43%         2    ###....
 Dazzling Spray           Conj/Hex       #.....       65%         3    ####...
 Force Lance              Conj/Tloc      #.......     96%         4    #####..
 Fulminant Prism          Conj/Hex       #.........   96%         4    #####..
 Iskenderun's Mystic Bla  Conj           #.......     96%         4    #####..


Dungeon Overview and Level Annotations

Branches:
Dungeon (15/15)            Temple (0/1) D:6          Vaults (0/5) D:13
Gauntlet (1/1)
   Lair: D:8-11         Orc: D:9-12      Depths: D:15

Altars:
Cheibriados
Elyvilon
Gozag
Hepliaklqana
Nemelex Xobeh
Okawaru
Ru
Sif Muna
Yredelemnul
Zin

Annotations:
D:1 exclusion: downstairs
D:5 exclusion: downstairs
D:6 exclusion: downstairs
D:13 Rupert
D:14 3 runed translucent doors, Uummannaq's ghost, journeyman MiFi Gauntlet 12 transporters, exclusion: 2 lightning spires


Innate Abilities, Weirdness & Mutations

You cannot be hasted, slowed, berserked, paralysed or teleported.
You can dig through walls and to a lower floor.
Your four strong arms can wield two-handed weapons with a shield.
((You have a pair of large antennae on your head. (SInv)))
Your mind is acute. (Int +2)
Your spells are a little harder to cast, but a little more powerful.


Message History

You slash the minotaur!
The minotaur looks as sick as possible!
The minotaur is lightly wounded.
You feel sick.
The minotaur hits you with the cursed +1 war axe "Gozxireg" {venom, *Rage rN+ MR++}!!
* * * LOW HITPOINT WARNING * * *
You block the minotaur's attack.
You hit the minotaur.
The minotaur looks as sick as possible!
The minotaur is moderately wounded.
You feel sick.
The minotaur hits you with the cursed +1 war axe "Gozxireg" {venom, *Rage rN+ MR++}!
* * * LOW HITPOINT WARNING * * *
The minotaur gores you but does no damage.
Okay, then.
Okay, then.
Okay, then.
The minotaur blocks your attack.
The minotaur is moderately wounded.
* * * LOW HITPOINT WARNING * * *
You feel sick. You block the minotaur's attack. The minotaur gores you!
You die...

.:# .8# #### .[# ###8.# H8#
#....# ..# #.#..# .8# #
#.#.♣##'##..#. #....H........
#.#.##.#.##.#. #.#....# ...#.#
###.#.#######.#.###
#≈...............≈# ## ###
####8..©.©.©.©.©.©..8#### 8# #8#
#8##≈...............≈##8#
#################################


You could see a minotaur (berserk).

Vanquished Creatures
  Nessos (D:13)
  A hydra (D:12)
  A centaur warrior (D:14)
  4 two-headed ogres
  An anaconda (shapeshifter) (Gauntlet)
  Urug (D:13)
  An unseen horror (D:12)
  A sea snake (shapeshifter) (Gauntlet)
  A wizard (Gauntlet)
  Pikel (D:4)
  An ugly thing (D:12)
  A manticore (D:7)
  A cyclops (D:12)
  2 gargoyles
  2 trolls
  4 red devils (D:14)
  A tengu conjurer (D:14)
  A hornet (D:12)
  A harpy skeleton (D:14)
  6 slime creatures
  4 hippogriffs
  A wraith (D:12)
  8 yaks
  9 humans
  A hungry ghost (D:14)
  A steam dragon (D:12)
  A basilisk (D:13)
  4 vampire mosquitoes
  Edmund (D:5)
  2 water moccasins
  3 porcupines (D:8)
  A hornet zombie (D:13)
  3 ice beasts
  4 orc warriors
  3 sky beasts
  3 slaves
  2 black bears
  A phantom (D:13)
  3 ogres
  2 centaurs
  2 crocodiles (D:8)
  5 bullfrogs
  A big kobold (D:14)
  3 scorpions
  3 killer bees (D:7)
  7 crimson imps
  A quasit (D:14)
  A bullfrog zombie (D:6)
  A centaur skeleton (D:4)
  8 hounds
  2 jellies
  2 orc priests
  5 orc wizards
  2 iguanas (D:8)
  11 worker ants
  A hound zombie (D:5)
  2 hound skeletons
  3 worker ant zombies
  3 gnolls (D:7)
  12 adders
  4 shadow imps
  A white imp (Gauntlet)
  3 worms
  A dart slug (D:1)
  6 leopard geckos
  23 orcs
  7 bats
  11 giant cockroaches
  12 goblins
  8 hobgoblins
  11 jackals
  4 quokkas
  5 frilled lizards
  A giant cockroach zombie (D:6)
  9 kobolds
  2 quokka zombies
  10 rats
283 creatures vanquished.

Vanquished Creatures (others)
  7 fungi (Gauntlet)
  13 plants
20 creatures vanquished.

Grand Total: 303 creatures vanquished

Notes
Turn   | Place    | Note
-------+----------+-------------------------------------------
     0 | D:1      | Shinahmin the Formicid Hunter began the quest for the Orb.
     0 | D:1      | Reached XP level 1. HP: 16/16 MP: 1/1
   353 | D:1      | Reached XP level 2. HP: 17/22 MP: 2/2
   543 | D:1      | Found an iron altar of Okawaru.
   549 | D:1      | Became a worshipper of Warmaster Okawaru
   691 | D:1      | Reached XP level 3. HP: 26/28 MP: 3/3
   774 | D:1      | Reached skill level 1 in Armour
  1478 | D:2      | Reached XP level 4. HP: 23/34 MP: 4/4
  1694 | D:2      | Found a glowing silver altar of Zin.
  2802 | D:3      | Reached XP level 5. HP: 36/40 MP: 5/5
  3152 | D:3      | Reached skill level 1 in Axes
  4277 | D:4      | Reached XP level 6. HP: 24/47 MP: 6/6
  4440 | D:4      | Reached skill level 2 in Axes
  4539 | D:4      | Found a basalt altar of Yredelemnul.
  4576 | D:4      | Reached * piety under Okawaru
  4576 | D:4      | Reached skill level 5 in Throwing
  4611 | D:4      | Found a white marble altar of Elyvilon.
  4615 | D:4      | Got a bloodstained scale mail
  4626 | D:4      | Identified the +3 scale mail "Empilaq" {rElec rC+ Dex+3}
                  | (You found it on level 4 of the Dungeon)
  4740 | D:4      | Noticed an ogre
  4747 | D:4      | Killed an ogre
  4747 | D:4      | Reached XP level 7. HP: 52/52 MP: 7/7
  4762 | D:4      | Found a hazy altar of Hepliaklqana.
  5366 | D:5      | Entered Level 5 of the Dungeon
  5366 | D:5      | Noticed Pikel
  5756 | D:5      | Noticed Edmund
  6561 | D:4      | Killed Pikel
  6561 | D:4      | Reached ** piety under Okawaru
  6561 | D:4      | Reached *** piety under Okawaru
  6561 | D:4      | Reached skill level 4 in Axes
  6561 | D:4      | Reached XP level 8. HP: 52/61 MP: 7/9
  6719 | D:5      | Killed Edmund
  7109 | D:5      | Found an opulent altar of Gozag.
  7305 | D:5      | Received a gift from Okawaru
  7417 | D:6      | Noticed a hippogriff
  7418 | D:6      | Noticed a two-headed ogre
  7640 | D:6      | Reached XP level 9. HP: 61/67 MP: 8/11
  7678 | D:6      | Reached skill level 5 in Fighting
  7678 | D:6      | Reached skill level 5 in Axes
  8061 | D:6      | Killed a hippogriff
  8061 | D:6      | Reached **** piety under Okawaru
  8077 | D:6      | Reached skill level 6 in Axes
  8904 | D:6      | Found a sacrificial altar of Ru.
  9001 | D:6      | Found a shimmering blue altar of Sif Muna.
  9068 | D:6      | Found a staircase to the Ecumenical Temple.
  9140 | D:6      | Killed a two-headed ogre
  9140 | D:6      | Received a gift from Okawaru
  9140 | D:6      | Reached XP level 10. HP: 58/77 MP: 13/13
  9349 | D:6      | Found a sparkling altar of Nemelex Xobeh.
  9867 | D:7      | Reached skill level 7 in Axes
  9867 | D:7      | Reached skill level 5 in Invocations
 10081 | D:7      | Noticed a gargoyle
 10133 | D:7      | Killed a gargoyle
 10133 | D:7      | Reached skill level 1 in Shields
 10766 | D:7      | Received a gift from Okawaru
 10959 | D:7      | Found a snail-covered altar of Cheibriados.
 11414 | D:7      | Noticed a skeletal warrior
 11929 | D:7      | Noticed a manticore
 11968 | D:7      | Killed a manticore
 11968 | D:7      | Reached ***** piety under Okawaru
 12209 | D:7      | Got a faintly glowing morningstar
 12225 | D:7      | Got smoking fire dragon scales
 12292 | D:6      | Identified the +8 fire dragon scales of Ygacha {rF++ rC-
                  | Str+3} (You found it on level 7 of the Dungeon)
 12312 | D:6      | Identified the cursed +0 morningstar of Righteous Fury
                  | {venom, rPois rF+ Dex-3} (You found it on level 7 of the
                  | Dungeon)
 12624 | D:8      | Reached skill level 1 in Maces & Flails
 12634 | D:8      | Reached XP level 11. HP: 55/85 MP: 15/15
 12643 | D:8      | Received a gift from Okawaru
 12653 | D:8      | Reached skill level 8 in Axes
 12988 | D:8      | You fall into a shaft and drop 2 floors!
 12988 | D:10     | Entered Level 10 of the Dungeon
 12996 | D:10     | You fall into a shaft and drop 3 floors!
 12996 | D:13     | Noticed Rupert
 12996 | D:13     | Noticed an ogre mage
 12996 | D:13     | Noticed a cyclops
 12999 | D:13     | You fall into a shaft and drop 1 floor!
 13304 | D:14     | Got a twisted hand axe
 13308 | D:14     | Identified the cursed +0 hand axe of Zivis {venom, *Corrode
                  | MR++ Str-2 Dex+9} (You found it on level 14 of the Dungeon)
 13348 | D:14     | Received a gift from Okawaru
 13348 | D:14     | Reached skill level 10 in Armour
 13422 | D:14     | Noticed a two-headed ogre
 13460 | D:14     | Killed a two-headed ogre
 13466 | D:14     | Reached skill level 5 in Shields
 13864 | D:14     | Received a gift from Okawaru
 14018 | D:14     | Noticed a harpy
 14081 | D:14     | Reached skill level 5 in Maces & Flails
 14112 | D:14     | Noticed a death knight
 14112 | D:14     | Noticed a skeletal warrior
 14138 | D:14     | Found a runed translucent gate.
 14139 | D:14     | Found a runed translucent gate.
 14140 | D:14     | Found a runed translucent gate.
 14141 | D:14     | Noticed Uummannaq's ghost (journeyman MiFi)
 14141 | D:14     | Noticed a phantasmal warrior
 14157 | D:15     | Entered Level 15 of the Dungeon
 14523 | D:14     | Noticed a centaur warrior
 14552 | D:14     | Killed a centaur warrior
 14552 | D:14     | Reached skill level 1 in Polearms
 15167 | D:14     | Noticed a queen ant
 15189 | D:13     | Reached XP level 12. HP: 25/95 MP: 10/17
 15469 | D:13     | Gained mutation: Your mind is acute. (Int +2) [potion of
                  | mutation]
 15469 | D:13     | Gained mutation: Your spells are a little harder to cast,
                  | but a little more powerful. [potion of mutation]
 15533 | D:13     | Noticed Urug
 15566 | D:13     | Killed Urug
 15782 | D:13     | Noticed Nessos
 15996 | D:13     | Killed Nessos
 16347 | D:13     | Found a gate to the Vaults.
 16386 | D:13     | Reached skill level 9 in Axes
 16395 | D:12     | Received a gift from Okawaru
 16395 | D:12     | Reached skill level 10 in Fighting
 16585 | D:12     | Noticed a two-headed ogre
 16606 | D:12     | Killed a two-headed ogre
 16953 | D:12     | Noticed a two-headed ogre
 16968 | D:12     | Killed a two-headed ogre
 16968 | D:12     | Reached skill level 10 in Axes
 17061 | D:12     | Noticed an unseen horror
 17075 | D:12     | Killed an unseen horror
 17220 | D:12     | Noticed a six-headed hydra
 17241 | D:12     | Killed a six-headed hydra
 17241 | D:12     | Reached XP level 13. HP: 104/104 MP: 15/18
 17543 | D:11     | Found a gate leading to a gauntlet.
 17589 | Gauntlet | Entered a Gauntlet
 17589 | Gauntlet | Found a transporter.
 17598 | Gauntlet | Found a transporter.
 17613 | Gauntlet | Found a transporter.
 17618 | Gauntlet | Found a transporter.
 17633 | Gauntlet | Found a transporter.
 17652 | Gauntlet | Found a transporter.
 17664 | Gauntlet | Found a transporter.
 17676 | Gauntlet | Found the +2 cloak of the Thief {+Fog Slay-2 SInv Stlth+}
 17676 | Gauntlet | Found a transporter.
 17688 | Gauntlet | Found a transporter.
 17697 | Gauntlet | Noticed a death ooze
 17700 | Gauntlet | Found a transporter.
 17717 | Gauntlet | Found a transporter.
 17735 | Gauntlet | Found a transporter.
 17737 | Gauntlet | Found a transporter.
 17764 | Gauntlet | Found a transporter.
 17782 | Gauntlet | Found a transporter.
 17784 | Gauntlet | Found a transporter.
 17862 | Gauntlet | Found a transporter.
 17882 | Gauntlet | Found a transporter.
 18091 | Gauntlet | Noticed an anaconda
 18091 | Gauntlet | a slime creature changed into an anaconda
 18110 | Gauntlet | Killed an anaconda
 18110 | Gauntlet | Reached skill level 11 in Axes
 18239 | Gauntlet | Got a coiled diamond amulet
 18308 | Gauntlet | Identified the amulet "Wogyqoufur" {Harm *Drain rF+ Int+3
                  | Stlth+} (You found it in a Gauntlet)
 18315 | Gauntlet | Identified the cursed +1 war axe "Gozxireg" {venom, *Rage
                  | rN+ MR++}
 18315 | Gauntlet | Identified the +5 ring mail of Horetol {*Drain Dex+4}
 18315 | Gauntlet | Noticed a minotaur
 18326 | Gauntlet | Slain by a minotaur

Levels and vault maps discovered:
D:1:      roderic_crossed_star, layout_rooms, okawaru_ov_weapons_minmay
D:2:      layout_basic, old_standard_altar, kennysheep_small_spiral
D:3:      layout_rooms, minmay_quadrilaterals
D:4:      layout_loops_cross, kennysheep_ying_yang, lemuel_crystal_altar,
          first_ration, gup_sewer_entry_spiral
D:5:      layout_loops_ring, kennysheep_mini, serial_glass, glass_columns_a,
          glass_columns_a, glass_columns_c, glass_columns_a,
          minmay_strange_pillars, uniq_pikel, uniq_edmund
D:6:      cheibrodos_fzero, layout_loops_ring, lemuel_blue_sif_altar,
          kennysheep_little_box, kennysheep_mini_moat,
          minmay_temple_entry_wispy, eino_small_chamber_without_monster
D:7:      minmay_the_grid_octo_2x2 [minmay_the_grid_octo_77,
          minmay_the_grid_octo_tetromino_candy, minmay_the_grid_octo_clover,
          minmay_the_grid_octo_prize_big_c], layout_basic, cheibriados_altar_1
D:8:      layout_basic, gammafunk_temple_overflow_statue,
          minmay_lair_entry_grove, serial_glass, glass_columns_c,
          glass_columns_b, glass_columns_a, glass_columns_b, glass_columns_a,
          glass_columns_b, introduction_to_nature_1
D:10:     layout_roguey, erik_orc_2, basic_altar
D:11:     layout_basic, maelrawn_ghost_gauntlet_escape, gauntlet_entry_generic,
          blue_anna_alchemist [blue_anna_fruit_fields, blue_anna_fruit_fields]
D:12:     layout_long_grid, uniq_josephine
D:13:     layout_long_grid, david_vaults_3, roderic_serpentine_path
D:14:     layout_irregular_city, portal_ice_cave_demonic_guard,
          infiniplex_staircase_pool, gammafunk_ghost_spectres,
          einodemon_armed_red_devil_minivault
D:15:     gammafunk_depths_entry_grave, layout_gridville, tso_metal_star,
          uniq_jorgrun
Gauntlet: gammafunk_gauntlet_one_two_three [gammafunk_gauntlet_arena_spirals,
          nicolae_gauntlet_arena_grate_2, gammafunk_gauntlet_arena_crates,
          gammafunk_gauntlet_arena_mazey, nicolae_gauntlet_arena_x,
          gammafunk_gauntlet_arena_teeth, gammafunk_gauntlet_arena_hedges,
          gammafunk_gauntlet_arena_corners, nicolae_gauntlet_arena_t_cross,
          nicolae_gauntlet_exit_dead_adventurers]

Skill      XL: |  1  2  3  4  5  6  7  8  9 10 11 12 13 |
---------------+----------------------------------------+-----
Armour         | 1 2 3 4 6 7 8 9 10 | 10.4
Axes           | 1 2 4 6 7 8 10 11 | 11.2
Fighting       | 3 4 6 7 9 10 | 10.6
Throwing       | 5 6 7 |  7.0
Invocations    | 2 3 4 6 7 |  7.0
Shields        | 3 6 |  6.4
Maces & Flails | 1 5 |  5.2
Polearms       | 2 3 |  3.4
Dodging        | |  1.7
Stealth        | |  1.2

Action                   |  1- 3 |  4- 6 |  7- 9 | 10-12 | 13-15 || total
-------------------------+-------+-------+-------+-------+-------++-------
Melee: Short sword       |    84 |       |       |       |       ||    84
       Hand axe          |    33 |   264 |   560 |   379 |       ||  1236
       Morningstar       |       |       |       |   191 |       ||   191
       Trident           |       |       |       |   123 |     4 ||   127
       Broad axe         |       |       |       |   136 |    58 ||   194
Throw: Javelin           |     3 |    14 |    10 |    15 |     1 ||    43
       Throwing net      |       |       |     2 |       |       ||     2
       Boomerang         |       |       |     2 |    32 |       ||    34
       Dart              |       |       |    15 |    32 |     2 ||    49
Invok: Heroism           |       |       |     4 |    11 |     3 ||    18
       Finesse           |       |       |       |     2 |       ||     2
 Abil: Shaft Self        |       |       |       |     3 |       ||     3
       Dig               |       |       |       |     1 |       ||     1
Evoke: Wand              |       |       |       |     5 |       ||     5
  Use: Scroll            |       |       |       |    18 |     6 ||    24
       Potion            |       |       |       |     5 |     1 ||     6
 Stab: Held in net/web   |       |       |     1 |       |       ||     1
       Invisible         |       |       |       |     2 |       ||     2
  Eat: Chunk             |     2 |    11 |     5 |    22 |     1 ||    41
       Ration            |       |       |     3 |     3 |     1 ||     7
Armor: Leather armour    |     4 |       |       |       |       ||     4
       Ring mail         |    58 |   122 |       |       |       ||   180
       Scale mail        |       |     4 |   312 |   229 |       ||   545
       Fire dragon scale |       |       |       |   307 |    30 ||   337
       Skin              |       |       |       |       |     2 ||     2
Dodge: Dodged            |    79 |   165 |   287 |   335 |    14 ||   880
Block: Shield            |       |       |       |   428 |    25 ||   453
